[Event "Titled Tuesday Blitz August 23 Early 2022"]
[White "Aggelis, Nikolaos"]
[Black "Csonka, Balazs"]
[WhiteFideId "4213220"]
[BlackFideId "742910"]
[WhiteElo "2154"]
[BlackElo "2404"]
[Result "1-0"]
[Round "07"]
[TimeControl "180+1"]
[Date "2022.08.23"]
[WhiteClock "0:00:12"]
[BlackClock "0:00:05"]

1. d4 Nf6 2. Nf3 e6 3. g3 b6 4. Bg2 Bb7 5. c4 c5 6. d5 exd5 7. Nh4 g6 8. Nc3 Bg7 9. O-O O-O 10. Bg5 Qe8 11. Bxf6 Bxf6 12. Nxd5 Bxd5 13. Qxd5 Nc6 14. Rad1 Rd8 15. Rd2 Bxh4 16. gxh4 Nd4 17. e3 Nf5 18. h5 Qe7 19. Rfd1 Kg7 20. Qe4 Qf6 21. Qf4 Rfe8 22. b3 d6 23. Be4 Qh4 24. Bxf5 Qxf4 25. exf4 gxf5 26. Rxd6 Rxd6 27. Rxd6 h6 28. Rd7 a5 29. Rb7 Re2 30. a4 Re4 31. Rxb6 Rxf4 32. Rb5 Rf3 33. Rxa5 Rxb3 34. Rxc5 Ra3 35. a5 Ra4 36. Rxf5 Rxc4 37. Rb5 Ra4 38. Kg2 Ra3 39. f3 Kh7 40. Kg3 Kg7 41. h4 Ra4 42. Kf2 Ra3 43. Ke2 Ra4 44. Ke3 Rxh4 45. a6 Ra4 46. Rb6 Ra5 47. Kd4 Rxh5 48. Kc4 Ra5 49. Kb4 Ra1 50. Kb5 h5 51. Rc6 h4 52. Rc4 h3 53. Rh4 Rb1+ 54. Kc6 Ra1 55. Kb7 Rb1+ 56. Kc7 Ra1 57. Kb7 Rb1+ 58. Ka8 Rh1 59. a7 h2 60. Kb8 Kg6 61. a8=Q Rb1+ 62. Kc7 h1=Q 63. Rxh1 Rxh1 64. Qe4+ Kg7 65. Qg4+ Kf8 66. Kd6 Rd1+ 67. Ke5 Re1+ 68. Kf6 Re6+ 69. Qxe6 fxe6 70. Kxe6 Ke8 71. Kf6 Kf8 72. f4 Ke8 73. Kg7 Ke7 74. f5 Kd6 75. f6 Ke5 76. f7 Ke4 77. f8=Q Kd3 78. Qc5 1-0


[Site "https://www.chess.com"]

[Event "Titled Tuesday Blitz August 23 Early 2022"]
[White "Andreikin, Dmitry"]
[Black "Le, Tuan Minh"]
[WhiteFideId "4158814"]
[BlackFideId "12401153"]
[WhiteElo "2736"]
[BlackElo "2530"]
[Result "1/2-1/2"]
[Round "07"]
[TimeControl "180+1"]
[Date "2022.08.23"]
[WhiteClock "0:00:17"]
[BlackClock "0:00:13"]

1. Nf3 d5 2. d4 Nf6 3. c4 c6 4. Qc2 dxc4 5. Qxc4 Bg4 6. Nc3 Nbd7 7. e4 e5 8. Nxe5 Nxe5 9. dxe5 Be6 10. Qe2 Ng4 11. Bf4 Bc5 12. Bg3 Qa5 13. O-O-O Bb4 14. Qc2 Nxe5 15. a3 Bxc3 16. Qxc3 Qxc3+ 17. bxc3 f6 18. f4 Nc4 19. f5 Bf7 20. Bxc4 Bxc4 21. e5 fxe5 22. Bxe5 O-O 23. g4 Rae8 24. Rhe1 Bd5 25. Bd6 Rxe1 26. Rxe1 Rd8 27. Bc7 Rd7 28. Bb8 b6 29. h3 Kf7 30. Be5 Re7 31. Re3 a5 32. Kd2 a4 33. h4 h6 34. g5 hxg5 35. hxg5 g6 36. f6 Rd7 37. Ke1 c5 38. Rh3 Ke6 39. Bf4 Kf5 40. Bd2 Bb3 41. Rf3+ Ke4 42. Re3+ Kf5 43. Re7 Rxe7+ 44. fxe7 Bf7 45. Kf2 Ke6 46. Bf4 Kxe7 47. Bc7 b5 48. Ke3 Kd7 49. Be5 Ke6 50. Bf6 Kd5 51. Be7 Kc4 52. Kd2 Be6 53. Bf8 Bf5 54. Be7 Be4 55. Bf8 1/2-1/2


[Site "https://www.chess.com"]

[Event "Titled Tuesday Blitz August 23 Early 2022"]
[White "Bharath Subramaniyam H"]
[Black "Jia, Haoxiang"]
[WhiteFideId "46634827"]
[BlackFideId "8602999"]
[WhiteElo "2346"]
[BlackElo "2622"]
[Result "1/2-1/2"]
[Round "07"]
[TimeControl "180+1"]
[Date "2022.08.23"]
[WhiteClock "0:00:02"]
[BlackClock "0:00:04"]

1. d4 Nf6 2. Nf3 g6 3. Nc3 d6 4. e4 Bg7 5. Be2 O-O 6. O-O Nc6 7. d5 Nb8 8. a4 a5 9. Be3 c6 10. Nd4 Bd7 11. Qd2 Na6 12. h3 Qc7 13. b3 Rfc8 14. dxc6 bxc6 15. Rad1 Nc5 16. Bf3 Rd8 17. Rfe1 Ne6 18. Nxe6 Bxe6 19. Ne2 Nd7 20. Nd4 Ne5 21. Be2 c5 22. Nxe6 fxe6 23. f4 Nc6 24. Bc4 Qc8 25. f5 gxf5 26. exf5 d5 27. Bb5 Nd4 28. fxe6 Qxe6 29. Bg5 Qg6 30. Bd3 Qh5 31. Rxe7 Re8 32. Rde1 Rxe7 33. Rxe7 Rf8 34. Qe3 Nf3+ 35. gxf3 Bd4 36. Bxh7+ Kh8 37. Qxd4+ cxd4 38. f4 Qxh3 39. Bd3 Qg3+ 40. Kh1 Qf3+ 41. Kg1 Rxf4 42. Bxf4 Qg4+ 43. Kh1 Qh4+ 44. Kg2 Qxe7 45. Kf3 Kg7 46. Kg4 Qe6+ 47. Bf5 Qe2+ 48. Kg3 Kf6 49. Bd3 Qe1+ 50. Kf3 Qd1+ 51. Kf2 Ke6 52. Bc7 Qg4 53. Bxa5 Qf4+ 54. Kg2 Qg4+ 55. Kf2 Qh4+ 56. Kg2 Qg5+ 57. Kf2 Qf6+ 58. Kg2 Qg7+ 59. Kf2 Ke5 60. Bd2 Qf7+ 61. Ke2 Qh5+ 62. Ke1 Qh1+ 63. Ke2 Qh2+ 64. Kd1 Qg1+ 65. Be1 Kf4 66. a5 Ke3 67. a6 Qg4+ 68. Kc1 Qg1 69. Kd1 Qg4+ 70. Kc1 Qg1 71. Kd1 1/2-1/2


[Site "https://www.chess.com"]

[Event "Titled Tuesday Blitz August 23 Early 2022"]
[White "Bilan, Danila"]
[Black "Kosteniuk, Alexandra"]
[WhiteFideId "24161918"]
[BlackFideId "4128125"]
[WhiteElo "2164"]
[BlackElo "2469"]
[Result "1/2-1/2"]
[Round "07"]
[TimeControl "180+1"]
[Date "2022.08.23"]
[WhiteClock "0:00:33"]
[BlackClock "0:01:09"]

1. d4 f5 2. Nf3 Nf6 3. g3 g6 4. Bg2 Bg7 5. O-O O-O 6. c4 d6 7. Nc3 a5 8. b3 c5 9. Bb2 Nc6 10. dxc5 Ne4 11. Na4 Bxb2 12. Nxb2 dxc5 13. Qxd8 Rxd8 14. Na4 Rd6 15. Rfd1 Be6 16. Rxd6 exd6 17. Rd1 Rd8 18. h4 h6 19. Nd2 Nf6 20. Nb1 Kf7 21. Bxc6 bxc6 22. Nxc5 Bc8 23. Na4 Ne4 24. Nbc3 Nxc3 25. Nxc3 Ke7 26. f4 Bb7 27. Kf2 c5 28. Rd3 Bc6 29. Re3+ Kf7 30. a4 Rd7 31. Rd3 Ke6 32. Re3+ Kf7 33. Rd3 Ke6 34. Re3+ Kf7 1/2-1/2


[Site "https://www.chess.com"]

[Event "Titled Tuesday Blitz August 23 Early 2022"]
[White "Bluebaum, Matthias"]
[Black "Adla, Diego"]
[WhiteFideId "24651516"]
[BlackFideId "100072"]
[WhiteElo "2603"]
[BlackElo "2377"]
[Result "0-1"]
[Round "07"]
[TimeControl "180+1"]
[Date "2022.08.23"]
[WhiteClock "0:00:04"]
[BlackClock "0:00:24"]

1. d4 Nf6 2. c4 e6 3. Nc3 Bb4 4. e3 O-O 5. Bd2 d5 6. Nf3 a6 7. Rc1 dxc4 8. Bxc4 b5 9. Bd3 Bb7 10. a3 Bxc3 11. Bxc3 Nbd7 12. Qc2 Rc8 13. b4 Re8 14. e4 e5 15. dxe5 Ng4 16. Rd1 Qe7 17. Be2 c5 18. Qb2 Bxe4 19. O-O Ngxe5 20. Nxe5 Nxe5 21. f4 Nc4 22. Bxc4 bxc4 23. Bxg7 Bd3 24. Rf3 Qe2 25. Rc1 Qxb2 26. Bxb2 f6 27. Bxf6 cxb4 28. axb4 Kf7 29. Be5 Ke6 30. Rh3 Kd5 31. Rh6 Bg6 32. h4 Re6 33. Kf2 Rg8 34. g4 Bd3 35. Rxe6 Kxe6 36. g5 Kf5 37. Ra1 Rg6 38. Ke3 Kg4 39. Rh1 Kh5 40. Bf6 Rg8 41. Kd4 Rc8 42. Be7 Rc7 43. Bc5 Rd7+ 44. Ke5 c3 45. f5 c2 46. Rc1 Kxh4 47. Ke6 Rb7 48. Be3 Kg4 49. f6 Bg6 50. Bd2 Kf3 51. Kd6 Ke2 52. Be1 Kd3 53. Kc6 Rb5 54. Kc7 Rxg5 55. Kb6 Rf5 56. Kxa6 Rxf6+ 57. Kb5 Rf1 58. Kc6 Rxe1 59. Rxe1 Kd2 0-1


[Site "https://www.chess.com"]

[Event "Titled Tuesday Blitz August 23 Early 2022"]
[White "Bykhovsky, Anatoly"]
[Black "Zhigalko, Sergei"]
[WhiteFideId "2806991"]
[BlackFideId "13502956"]
[WhiteElo "2540"]
[BlackElo "2662"]
[Result "1/2-1/2"]
[Round "07"]
[TimeControl "180+1"]
[Date "2022.08.23"]
[WhiteClock "0:00:23"]
[BlackClock "0:00:07"]

1. d4 Nf6 2. Nf3 e6 3. c4 b6 4. g3 Ba6 5. Qc2 Bb4+ 6. Bd2 Be7 7. e4 d5 8. cxd5 Bxf1 9. Kxf1 exd5 10. e5 Ne4 11. Nc3 Nxd2+ 12. Qxd2 Qd7 13. h4 Nc6 14. Rc1 Nd8 15. Nd1 Ne6 16. Ne3 Rd8 17. Kg2 c5 18. dxc5 bxc5 19. Rhd1 d4 20. Nf5 O-O 21. Qd3 Rfe8 22. Nxe7+ Qxe7 23. Qe4 h6 24. b3 a5 25. Rc4 Rf8 26. Ra4 f5 27. exf6 Rxf6 28. Re1 Rdf8 29. Rxa5 Qf7 30. Ra8 Nd8 31. Ne5 Rxf2+ 32. Kh3 Qc7 33. Qd5+ Kh7 34. Qe4+ Kg8 35. Qd5+ Kh7 36. Qe4+ Kg8 1/2-1/2


[Site "https://www.chess.com"]

[Event "Titled Tuesday Blitz August 23 Early 2022"]
[White "Ceres, Dragos"]
[Black "Shirov, Alexei"]
[WhiteFideId "13905864"]
[BlackFideId "2209390"]
[WhiteElo "2150"]
[BlackElo "2678"]
[Result "1-0"]
[Round "07"]
[TimeControl "180+1"]
[Date "2022.08.23"]
[WhiteClock "0:00:17"]
[BlackClock "0:00:48"]

1. d4 d5 2. c4 c6 3. Nf3 Nf6 4. Nc3 e6 5. Bg5 h6 6. Bh4 dxc4 7. e4 b5 8. e5 g5 9. Nxg5 hxg5 10. Bxg5 Nbd7 11. g3 Bb7 12. Bg2 Qb6 13. exf6 O-O-O 14. O-O c5 15. dxc5 Nxc5 16. Qe2 Bxg2 17. Kxg2 Bh6 18. h4 Bxg5 19. hxg5 Qc6+ 20. f3 Nd3 21. Ne4 Ne5 22. Rad1 Rd3 23. Rxd3 cxd3 24. Qe3 Qc2+ 25. Rf2 Qd1 26. Rf1 Qc2+ 27. Qd2 Qxd2+ 28. Nxd2 Kd7 29. Rc1 Rh5 30. f4 Ng4 31. Kf3 Rh2 32. Ne4 Rc2 33. Rd1 Nh2+ 34. Ke3 Rxb2 35. Rxd3+ Ke8 36. Nd6+ Kf8 37. Nxb5 Kg8 38. Nxa7 Rxa2 39. Nc6 Nf1+ 40. Kd4 Rg2 41. Ne7+ Kh7 42. g4 Ng3 43. Ke3 Nf1+ 44. Kf3 Rc2 45. Rd1 Rc3+ 46. Kf2 Ng3 47. Re1 Rd3 48. Re3 Nh1+ 49. Kf3 Rd2 50. Re2 Rd3+ 51. Kg2 Ng3 52. Re1 Ra3 53. Nc6 Rc3 54. Ne5 Kg8 55. Nf3 1-0


[Site "https://www.chess.com"]

[Event "Titled Tuesday Blitz August 23 Early 2022"]
[White "Chigaev, Maksim"]
[Black "Szpar, Milosz"]
[WhiteFideId "4108116"]
[BlackFideId "1184989"]
[WhiteElo "2487"]
[BlackElo "2422"]
[Result "1-0"]
[Round "07"]
[TimeControl "180+1"]
[Date "2022.08.23"]
[WhiteClock "0:00:05"]
[BlackClock "0:00:06"]

1. e4 e6 2. d4 d5 3. Nd2 Be7 4. Ngf3 c5 5. exd5 Qxd5 6. Bc4 Qd8 7. dxc5 Nd7 8. Nb3 Qc7 9. Qd4 Ngf6 10. Bf4 Qc6 11. Bd6 Qe4+ 12. Be2 Bd8 13. c3 g5 14. h3 Rg8 15. Nbd2 Qc6 16. O-O-O b6 17. Ne5 Nxe5 18. Bxe5 bxc5 19. Qxd8+ Kxd8 20. Bxf6+ Ke8 21. Bf3 Qa4 22. Bxa8 Bd7 23. Ne4 Qxa2 24. Nd6+ Kf8 25. Be4 Qa1+ 26. Bb1 Rg6 27. Be5 f6 28. Bg3 e5 29. Nc4 Bf5 30. Na3 Bxb1 31. Nxb1 f5 32. Rd8+ Ke7 33. Rhd1 Rb6 34. R8d2 f4 35. Re1 fxg3 36. fxg3 Re6 37. Re4 Qa6 38. Rde2 Qd3 39. Na3 Qxg3 40. Nc4 Qh2 41. Nxe5 Qg1+ 42. Kc2 Ke8 43. Nf3 Qf1 44. Rxe6+ Kf7 45. Nxg5+ Kg7 46. Nf3 Qa1 47. R6e4 Qa2 48. Rg4+ Kf6 49. Nd2 Qd5 50. Ne4+ Kf7 51. Rf2+ Ke7 52. Rg7+ Ke6 53. Rf6+ Ke5 54. Re7+ 1-0


[Site "https://www.chess.com"]

[Event "Titled Tuesday Blitz August 23 Early 2022"]
[White "Deac, Bogdan-Daniel"]
[Black "Beerdsen, Thomas"]
[WhiteFideId "1226380"]
[BlackFideId "1030108"]
[WhiteElo "2648"]
[BlackElo "2567"]
[Result "0-1"]
[Round "07"]
[TimeControl "180+1"]
[Date "2022.08.23"]
[WhiteClock "0:00:04"]
[BlackClock "0:00:34"]

1. Nf3 d5 2. g3 Nc6 3. d4 Bg4 4. Nbd2 e6 5. h3 Bh5 6. c3 Nf6 7. Bg2 Bd6 8. O-O O-O 9. Qe1 Re8 10. e4 dxe4 11. Nxe4 Nxe4 12. Qxe4 Bg6 13. Qe2 e5 14. d5 Ne7 15. Nh4 Qd7 16. Nxg6 Nxg6 17. h4 h6 18. c4 e4 19. h5 Nf8 20. Be3 Qf5 21. c5 Be5 22. Qc4 Qxh5 23. Bxe4 Nd7 24. Kg2 Nf6 25. Bf3 Qf5 26. Rad1 Rad8 27. Bd4 h5 28. Bxe5 Rxe5 29. d6 Rxc5 30. Qa4 Rxd6 31. Rxd6 cxd6 32. Bxb7 d5 33. Qxa7 Rc2 34. Qd4 Ng4 35. Bxd5 Qxd5+ 36. Qxd5 Ne3+ 37. Kf3 Nxd5 38. Rb1 Nb4 39. a4 Kf8 40. a5 Ke7 41. Ra1 Rc6 42. Ra4 Na6 43. Ra3 Kd6 44. Rd3+ Kc7 45. Re3 Rf6+ 46. Kg2 Kc6 47. Re7 Kb5 48. Re5+ Kb4 49. Rxh5 Nc5 50. Rd5 Rc6 51. g4 Kxa5 52. Rf5 Rc7 53. g5 g6 54. Rd5 Kb6 55. f4 Ne6 56. Kf3 Rc2 57. f5 gxf5 58. g6 fxg6 59. Rd6+ Rc6 60. Rxe6 Rxe6 0-1


[Site "https://www.chess.com"]

[Event "Titled Tuesday Blitz August 23 Early 2022"]
[White "Djokic, Mihailo"]
[Black "Zenin, Dmitry"]
[WhiteFideId "976440"]
[BlackFideId "4127897"]
[WhiteElo "2246"]
[BlackElo "2215"]
[Result "1-0"]
[Round "07"]
[TimeControl "180+1"]
[Date "2022.08.23"]
[WhiteClock "0:02:24"]
[BlackClock "0:02:26"]

1. e4 g6 2. d4 Bg7 3. Be3 d6 4. Nc3 a6 5. Qd2 b5 6. a4 b4 7. Nce2 Bb7 8. Ng3 a5 9. Nf3 Nf6 10. Bd3 h5 11. e5 Ng4 12. e6 f5 13. Nh4 Nxe3 14. Qxe3 Rh6 15. Qg5 1-0


[Site "https://www.chess.com"]

[Event "Titled Tuesday Blitz August 23 Early 2022"]
[White "Ezat, Mohamed"]
[Black "Goryachkina, Aleksandra"]
[WhiteFideId "10600906"]
[BlackFideId "4147103"]
[WhiteElo "2386"]
[BlackElo "2426"]
[Result "0-1"]
[Round "07"]
[TimeControl "180+1"]
[Date "2022.08.23"]
[WhiteClock "0:00:06"]
[BlackClock "0:00:05"]

1. d4 Nf6 2. c4 e6 3. Nf3 d5 4. Nc3 c5 5. cxd5 Nxd5 6. a3 Be7 7. e4 Nxc3 8. bxc3 cxd4 9. cxd4 O-O 10. Bd3 b6 11. e5 Bb7 12. Be3 Nd7 13. h4 Bd5 14. Bxh7+ Kxh7 15. Ng5+ Kg8 16. Qh5 Be4 17. Nxe4 f6 18. Ng5 fxg5 19. hxg5 Rf5 20. g4 Rxg5 21. Bxg5 Bxg5 22. f4 Bxf4 23. Ke2 Nf8 24. Raf1 Qxd4 25. Qh8+ Kf7 26. Rxf4+ Qxf4 27. Rf1 Qxf1+ 28. Kxf1 Rd8 29. Ke2 Rd5 30. Qh1 Rxe5+ 31. Kd3 Rd5+ 32. Kc3 Nd7 33. Qf3+ Ke7 34. Qg3 Ne5 35. Qh4+ Kf7 36. Qh5+ Ke7 37. Qh8 Kf7 38. Qa8 a5 39. Qb7+ Nd7 40. g5 Kg6 41. Kb2 Kxg5 42. Qc6 Kf6 43. Qc3+ Kf7 44. Qf3+ Ke7 45. Qg3 g5 46. Qf3 Nf6 47. Qe3 Nd7 48. Qh3 Rb5+ 49. Ka2 Rf5 50. Qh7+ Kd6 51. Qh1 Rd5 52. Qd1 Rxd1 53. a4 Rd2+ 54. Kb3 Rd5 55. Kc4 g4 0-1


[Site "https://www.chess.com"]

[Event "Titled Tuesday Blitz August 23 Early 2022"]
[White "Fier, Alexandr"]
[Black "Salinas Herrera, Pablo"]
[WhiteFideId "2107139"]
[BlackFideId "3407128"]
[WhiteElo "2598"]
[BlackElo "2542"]
[Result "1-0"]
[Round "07"]
[TimeControl "180+1"]
[Date "2022.08.23"]
[WhiteClock "0:00:14"]
[BlackClock "0:00:01"]

1. d4 d5 2. c4 e6 3. Nc3 Nf6 4. Nf3 c6 5. Bg5 Nbd7 6. e3 Qa5 7. Nd2 dxc4 8. Bxf6 Nxf6 9. Nxc4 Qc7 10. Be2 Be7 11. O-O O-O 12. a3 Rd8 13. b4 Bd7 14. Qb3 Be8 15. Rac1 Rac8 16. Rfd1 Qb8 17. Bf3 Nd5 18. Ne4 b6 19. Ne5 a6 20. Be2 Qa7 21. Rc2 a5 22. Nd3 axb4 23. axb4 Ra8 24. Rb1 Rdc8 25. g3 h6 26. Nc3 Rd8 27. Bf3 Qa3 28. Qxa3 Rxa3 29. Nxd5 cxd5 30. Ne5 Rda8 31. Kg2 Ra2 32. Rc7 Bd8 33. Rcc1 Bg5 34. Kf1 Be7 35. Be2 f6 36. Nf3 Bg6 37. Rb3 Ra1 38. Rc3 Bxb4 39. Rc6 Rxc1+ 40. Rxc1 Be4 41. Ne1 Ba5 42. Nd3 Ra7 43. Nf4 Bf5 44. g4 Be4 45. Nxe6 Re7 46. Nf4 Kh7 47. Rc8 f5 48. h4 fxg4 49. Bxg4 g5 50. hxg5 hxg5 51. Nh3 Kh6 52. Rc6+ Kg7 53. Nxg5 b5 54. Ra6 Bb4 55. Nxe4 dxe4 56. Rb6 Rc7 57. Rxb5 Rc1+ 58. Kg2 Bd2 59. Re5 Rc2 60. Rxe4 Bc1 61. Bf5 Rb2 62. Kg3 Kf6 63. Bg4 Bd2 64. Re6+ Kf7 65. d5 Be1 66. Kf3 Rxf2+ 67. Ke4 Ra2 68. Bh5+ Kg7 69. d6 Bh4 70. Rg6+ Kh7 71. Kf5 Ra5+ 72. Kg4 Bd8 73. Re6 Ra4+ 74. Kf3 Kg7 75. e4 Ra5 76. e5 Ra4 77. Rg6+ Kh7 78. e6 Ra7 79. Rg4 Kh6 80. Bf7 Ra1 81. e7 Rf1+ 82. Kg2 1-0


[Site "https://www.chess.com"]

[Event "Titled Tuesday Blitz August 23 Early 2022"]
[White "Gan-Od, Sereenen"]
[Black "Paravyan, David"]
[WhiteFideId "4901304"]
[BlackFideId "4194985"]
[WhiteElo "2316"]
[BlackElo "2569"]
[Result "1/2-1/2"]
[Round "07"]
[TimeControl "180+1"]
[Date "2022.08.23"]
[WhiteClock "0:00:26"]
[BlackClock "0:00:20"]

1. d4 Nf6 2. c4 g6 3. Nc3 d5 4. Nf3 Bg7 5. Bg5 Ne4 6. cxd5 Nxg5 7. Nxg5 e6 8. Qd2 h6 9. Nf3 exd5 10. e3 O-O 11. Bd3 c6 12. O-O Nd7 13. b4 a6 14. a4 Re8 15. b5 axb5 16. axb5 Rxa1 17. Rxa1 c5 18. Nxd5 cxd4 19. exd4 Nb6 20. Nxb6 Qxb6 21. Ra8 Bxd4 22. Qc2 Bc5 23. h3 Bd7 24. Rxe8+ Bxe8 25. Qe2 Kf8 26. g3 Qd6 27. Kg2 Bd7 28. h4 Be6 29. Be4 b6 30. Bc6 Bd5 31. Bxd5 Qxd5 32. Qd2 Qxd2 33. Nxd2 Ke7 34. Ne4 Bd4 35. g4 Ke6 36. f4 f5 37. gxf5+ Kxf5 38. Kf3 h5 39. Ng3+ Ke6 40. f5+ Kf6 41. fxg6 Kxg6 42. Ne2 Bf6 43. Nf4+ Kf5 44. Nxh5 Bxh4 45. Nf4 Bd8 46. Nd5 Ke5 47. Nxb6 Bxb6 1/2-1/2


[Site "https://www.chess.com"]

[Event "Titled Tuesday Blitz August 23 Early 2022"]
[White "Ibrahimli, Murad"]
[Black "Boros, Denes"]
[WhiteFideId "13410229"]
[BlackFideId "722340"]
[WhiteElo "2109"]
[BlackElo "2464"]
[Result "0-1"]
[Round "07"]
[TimeControl "180+1"]
[Date "2022.08.23"]
[WhiteClock "0:00:04"]
[BlackClock "0:00:36"]

1. d4 Nc6 2. Nf3 g6 3. d5 Nb8 4. e4 Bg7 5. Bd3 c6 6. O-O Nf6 7. c4 O-O 8. Nc3 Na6 9. Re1 d6 10. h3 Re8 11. Be3 Nd7 12. Qd2 Nac5 13. Bc2 a5 14. Bh6 Bh8 15. Rad1 Qc7 16. Qf4 Ne5 17. Nxe5 Bxe5 18. Qh4 Qb6 19. Na4 Qb4 20. Nxc5 Qxc5 21. b3 a4 22. Bg5 f6 23. Be3 Qb4 24. f4 Bc3 25. Re2 axb3 26. Bxb3 cxd5 27. exd5 b5 28. c5 dxc5 29. Rb1 Bf5 30. d6+ Kg7 31. Bc2 Qc4 32. Qf2 Rxa2 33. Rc1 exd6 0-1


[Site "https://www.chess.com"]

[Event "Titled Tuesday Blitz August 23 Early 2022"]
[White "Jones, Gawain C B"]
[Black "Dounis, Alexandros"]
[WhiteFideId "409561"]
[BlackFideId "4213238"]
[WhiteElo "2657"]
[BlackElo "2204"]
[Result "1-0"]
[Round "07"]
[TimeControl "180+1"]
[Date "2022.08.23"]
[WhiteClock "0:00:08"]
[BlackClock "0:00:01"]

1. e4 e5 2. Nf3 Nc6 3. Bc4 Bc5 4. c3 Nf6 5. d4 exd4 6. cxd4 Bb4+ 7. Nbd2 Nxe4 8. d5 Ne7 9. a3 Bxd2+ 10. Nxd2 Nf6 11. Nf3 d6 12. Bg5 Ng6 13. O-O O-O 14. Qd4 Re8 15. Rfe1 Bd7 16. Rxe8+ Bxe8 17. Bd3 h6 18. Bxf6 Qxf6 19. Qxf6 gxf6 20. Nd4 Nf4 21. Be4 Bd7 22. g3 Re8 23. f3 Nh3+ 24. Kf1 Ng5 25. Re1 Re5 26. Kf2 Nxe4+ 27. fxe4 f5 28. exf5 Rxd5 29. Re7 Bxf5 30. Nf3 Rc5 31. Nd4 Bg6 32. b4 Rc3 33. Nb5 Rc2+ 34. Ke3 c6 35. Nxd6 Rc3+ 36. Kf4 Rxa3 37. Rxb7 a5 38. Ke5 axb4 39. Rxb4 Re3+ 40. Kd4 Re2 41. Rb8+ Kh7 42. h4 Rg2 43. Ne8 Rxg3 44. Nf6+ Kg7 45. Ne8+ Kf8 46. Nf6+ Ke7 47. Ng8+ Kd6 48. Nxh6 Rh3 49. Ng8 Rxh4+ 50. Kc3 Rh3+ 51. Kc4 Bd3+ 52. Kc3 Ba6+ 53. Kb2 c5 54. Nf6 c4 55. Rb6+ Kc5 56. Rxa6 Rh2+ 57. Kc3 Rh3+ 58. Kc2 Rh2+ 59. Kc3 Rh3+ 60. Kd2 Rh2+ 61. Ke3 Rh3+ 62. Kf4 c3 63. Ne4+ Kd4 64. Rd6+ Kc4 65. Rc6+ Kb3 66. Kg4 Re3 67. Kf4 Rh3 68. Nc5+ Ka2 69. Ra6+ Kb1 70. Rb6+ Ka2 71. Ra6+ Kb1 72. Rb6+ Kc1 73. Kg4 Re3 74. Kf4 Rh3 75. Rb3 Kc2 76. Ra3 Rh4+ 77. Ke3 Rc4 78. Nd3 Kb1 79. Rb3+ Ka2 80. Rb8 c2 81. Kd2 Ka3 82. Kc1 Ka4 83. Nb2+ Ka5 84. Nxc4+ Ka6 85. Kxc2 Ka7 86. Rb6 1-0


[Site "https://www.chess.com"]

[Event "Titled Tuesday Blitz August 23 Early 2022"]
[White "Korchmar, Vasiliy"]
[Black "Srihari L R"]
[WhiteFideId "24131750"]
[BlackFideId "46617116"]
[WhiteElo "2370"]
[BlackElo "2170"]
[Result "0-1"]
[Round "07"]
[TimeControl "180+1"]
[Date "2022.08.23"]
[WhiteClock "0:00:03"]
[BlackClock "0:00:21"]

1. e4 c5 2. Nf3 e6 3. g3 Nc6 4. Bg2 g6 5. O-O Bg7 6. c3 e5 7. Na3 Nge7 8. d4 cxd4 9. cxd4 exd4 10. Nb5 O-O 11. Nfxd4 Nxd4 12. Nxd4 d5 13. Be3 dxe4 14. Bxe4 Nd5 15. Nf5 Nxe3 16. Nxe3 Qe7 17. Qf3 Be6 18. Bxb7 Rab8 19. Bd5 Rxb2 20. Bxe6 fxe6 21. Qg2 Rbxf2 22. Rxf2 Bxa1 23. Rxf8+ Qxf8 24. Qc6 Qf7 25. Kg2 h5 26. Qd6 Bg7 27. Nc4 Qb7+ 28. Kh3 Qe4 29. Qd8+ Kh7 30. Nd6 Qf3 31. Qe7 Qf1+ 32. Kh4 Qe2 33. h3 Qxa2 34. Ne8 Qc4+ 35. g4 Qd4 36. Nxg7 Qxg7 37. Qxe6 hxg4 38. hxg4 a5 39. Qa6 Qe7+ 40. Kg3 Qc7+ 41. Kh4 Qh2+ 42. Kg5 Qh6+ 43. Kf6 g5+ 0-1


[Site "https://www.chess.com"]

[Event "Titled Tuesday Blitz August 23 Early 2022"]
[White "Kotepalli, Sai Nirupama"]
[Black "Piesik, Piotr"]
[WhiteFideId "5039444"]
[BlackFideId "1136194"]
[WhiteElo "2482"]
[BlackElo "2221"]
[Result "1/2-1/2"]
[Round "07"]
[TimeControl "180+1"]
[Date "2022.08.23"]
[WhiteClock "0:01:02"]
[BlackClock "0:01:25"]

1. e4 g6 2. d3 Bg7 3. Nf3 c5 4. g3 Nc6 5. Bg2 e6 6. O-O Nge7 7. c3 O-O 8. Nh4 Rb8 9. Be3 d6 10. f4 b5 11. a3 a5 12. Nf3 b4 13. axb4 axb4 14. d4 bxc3 15. bxc3 cxd4 16. Nxd4 Nxd4 17. Bxd4 Bxd4+ 18. Qxd4 Nc6 19. Qd3 Bb7 20. Rd1 Qb6+ 21. Kh1 Rfd8 22. Nd2 Na5 23. Nc4 Nxc4 24. Qxc4 d5 25. exd5 exd5 26. Qd4 Qxd4 27. Rxd4 Rbc8 28. Ra3 Re8 29. Kg1 Re1+ 30. Kf2 Rc1 31. Bxd5 Bxd5 32. Rxd5 Rc2+ 33. Ke3 R8xc3+ 34. Rxc3 Rxc3+ 35. Ke4 Rc2 36. h4 h5 37. f5 Rc4+ 38. Kf3 Kg7 39. fxg6 fxg6 40. Rd7+ Kf6 41. Rd6+ Kf5 42. Rd5+ Ke6 43. Rg5 Kf6 44. Ra5 Rc3+ 45. Kf4 Rc4+ 46. Kf3 Rc3+ 47. Kf4 Rc4+ 48. Kf3 1/2-1/2


[Site "https://www.chess.com"]

[Event "Titled Tuesday Blitz August 23 Early 2022"]
[White "Krsnik Cohar, Ivan Vihor"]
[Black "Malicka, Maria"]
[WhiteFideId "14520044"]
[BlackFideId "1197576"]
[WhiteElo "2414"]
[BlackElo "1931"]
[Result "0-1"]
[Round "07"]
[TimeControl "180+1"]
[Date "2022.08.23"]
[WhiteClock "0:00:02"]
[BlackClock "0:01:56"]

1. e4 c5 2. Ne2 d6 3. g3 g6 4. Bg2 Bg7 5. c3 Nf6 6. d4 O-O 7. h3 cxd4 8. cxd4 d5 9. e5 Ne4 10. f3 Qa5+ 11. Kf1 f6 12. fxe4 fxe5+ 13. Kg1 exd4 14. exd5 Bf5 15. Bd2 Qb6 16. Qb3 Qa6 17. Nf4 Kh8 18. d6 e5 19. Ne6 Bxe6 20. Qxe6 Nc6 21. d7 Qe2 22. Qg4 Qf2+ 23. Kh2 Qf6 24. Bg5 Qd6 25. Nd2 Rf5 26. Rhf1 Raf8 27. Rxf5 gxf5 28. Qf3 e4 29. Nxe4 fxe4 30. Qg4 e3 31. Rg1 Ne5 32. h4 Nxg4+ 0-1


[Site "https://www.chess.com"]

[Event "Titled Tuesday Blitz August 23 Early 2022"]
[White "Kucuksari, Kaan"]
[Black "Tsaruk, Maksim"]
[WhiteFideId "6380166"]
[BlackFideId "13511173"]
[WhiteElo "2305"]
[BlackElo "2178"]
[Result "1-0"]
[Round "07"]
[TimeControl "180+1"]
[Date "2022.08.23"]
[WhiteClock "0:00:09"]
[BlackClock "0:00:42"]

1. d4 f5 2. c4 Nf6 3. Nc3 g6 4. h4 h6 5. h5 g5 6. Qc2 d6 7. e4 Nc6 8. d5 Nd4 9. Qd3 e5 10. dxe6 Nxe6 11. exf5 Nc5 12. Qc2 Qd7 13. b4 Na6 14. a3 Qxf5 15. Bd3 Qg4 16. Bg6+ Kd8 17. Nge2 Qxc4 18. Bb2 Bg7 19. O-O Bg4 20. Ng3 Nd5 21. Nxd5 Qxc2 22. Bxg7 Qc4 23. Ne3 Qg8 24. Bf6+ Kd7 25. Nxg4 c5 26. Rfe1 Rf8 27. Re7+ Kc8 28. Rae1 Nc7 29. bxc5 Nd5 30. cxd6 Nxf6 31. Nxf6 Rxf6 32. Re8+ Qxe8 33. Rxe8+ Rxe8 34. Bxe8 Rxd6 35. Nf5 Ra6 36. Bg6 Rxa3 37. Nxh6 b5 38. Nf7 Ra6 39. h6 Ra1+ 40. Kh2 Re1 41. h7 Re8 42. Nd6+ 1-0


[Site "https://www.chess.com"]

[Event "Titled Tuesday Blitz August 23 Early 2022"]
[White "Lamaze, Simon"]
[Black "Shuvalova, Polina"]
[WhiteFideId "36069264"]
[BlackFideId "24171760"]
[WhiteElo "2131"]
[BlackElo "2330"]
[Result "1-0"]
[Round "07"]
[TimeControl "180+1"]
[Date "2022.08.23"]
[WhiteClock "0:00:56"]
[BlackClock "0:00:29"]

1. d4 Nf6 2. c4 e6 3. g3 c5 4. d5 exd5 5. cxd5 g6 6. Nc3 Bg7 7. Bg2 d6 8. Nf3 O-O 9. O-O Re8 10. Re1 Na6 11. e4 Nc7 12. h3 Rb8 13. Bf4 Nh5 14. Bg5 Qd7 15. g4 h6 16. Bc1 Nf6 17. e5 dxe5 18. Nxe5 Qd6 19. Bf4 Qf8 20. Nxg6 fxg6 21. Bxc7 Ra8 22. Bg3 Bd7 23. Qb3 b6 24. d6+ Kh7 25. Bxa8 Rxa8 26. Re7 Bc6 27. Be5 Rd8 28. Rf7 c4 29. Qxc4 b5 30. Qb3 Bd5 31. Rxf8 1-0


[Site "https://www.chess.com"]

[Event "Titled Tuesday Blitz August 23 Early 2022"]
[White "Lewtak, Damian"]
[Black "Santos Ruiz, Miguel"]
[WhiteFideId "1141724"]
[BlackFideId "22291482"]
[WhiteElo "2329"]
[BlackElo "2478"]
[Result "0-1"]
[Round "07"]
[TimeControl "180+1"]
[Date "2022.08.23"]
[WhiteClock "0:00:01"]
[BlackClock "0:00:15"]

1. h4 a5 2. h5 a4 3. h6 Nxh6 4. Rxh6 gxh6 5. e4 d5 6. Nc3 dxe4 7. Qh5 Qd6 8. Nb5 Qd7 9. Bc4 Kd8 10. d3 c6 11. Nc3 Qf5 12. Qh2 Bg7 13. Be3 Nd7 14. O-O-O a3 15. dxe4 axb2+ 16. Kb1 Qe5 17. Bxf7 Qxh2 18. Nf3 Qc7 19. e5 Ra5 20. Nd4 Rxe5 21. Bf4 Qd6 22. Bg3 Qxd4 23. Rxd4 Re1+ 24. Rd1 Bxc3 0-1


[Site "https://www.chess.com"]